 Dungeon Crawl Stone Soup version 0.16-a0-691-g21e4870 (webtiles) character file.

3933 RobertPalmer the Nimble (level 10, 0/60 HPs)
             Began as an Octopode Assassin on Sept 19, 2014.
             Was an Initiate of Gozag.
             Slain by a wight
             ... wielding a +2 flail
              (8 damage)
             ... on Level 9 of the Dungeon.
             The game lasted 00:34:28 (12356 turns).

RobertPalmer the Nimble (Octopode Assassin)        Turns: 12356, Time: 00:34:28

HP   0/60        AC  1     Str 13      XL: 10   Next: 21%
MP  10/10        EV 20     Int 13      God: Gozag
Gold 252         SH  0     Dex 17      Spells:  3 memorised,  1 level left

rFire  . . .     SeeInvis .     a - +1 short sword (venom)
rCold  . . .     Clarity  .     (no shield)
rNeg   . . .     rCorr    .     (helmet restricted)
rPois  .         rRot     .     o - amulet of resist mutation
rElec  .         Spirit   .     D - +2 ring of strength
SustAb .         Warding  .     (no ring)
rMut   +         Stasis   .     (no ring)
Gourm  .                        (no ring)
MR     .....                    (no ring)
                                (no ring)
                                (no ring)
                                (no ring)

@: lethally poisoned, about to teleport, not resistant to hostile enchantments,
very stealthy
A: almost no armour, amphibious, 8 rings, constrict 8, camouflage 1, gelatinous
body 1
a: Potion Petition, Call Merchant, Bribe Branch, Renounce Religion


You were on level 9 of the Dungeon.
You worshipped Gozag.
Gozag was noncommittal.
You were not hungry.

You visited 2 branches of the dungeon, and saw 10 of its levels.
You also visited: Ossuary.

You collected 1038 gold pieces.
You spent 635 gold pieces at shops.
You paid 151 gold pieces to Gozag.


Innate Abilities, Weirdness & Mutations

You cannot wear most types of armour.
You are amphibious.
You can wear up to eight rings at the same time.
You can use your tentacles to constrict many enemies at once.
Your skin changes colour to match your surroundings (Stealth).
Your rubbery body absorbs attacks (AC +1).


   Skills:
 - Level 2.0 Fighting
 - Level 6.4 Short Blades
 - Level 2.0 Throwing
 - Level 10.7 Dodging
 - Level 10.3 Stealth
 - Level 3.8 Summonings
 + Level 0.0 Air Magic


You had one spell level left.
You knew the following spells:

 Your Spells              Type           Power        Failure   Level  Hunger
s - Swiftness             Chrm/Air       #.......     47%         2    ###....
z - Call Imp              Summ           ##......     12%         2    ###....
Z - Summon Lightning Spi  Summ/Air       #.......     98%         4    #####..

Inventory:

Hand weapons
 a - a +1 short sword of venom (weapon)
 b - a +1 blowgun
 y - a +0 dagger of draining
 I - the cursed +2 spear of the Lost Souls {pierce, +Rage rC+, unknown}
   (You found it on level 7 of the Dungeon)

   It inflicts extra damage upon your enemies.
   It protects you from cold.
   It lets you go berserk.
   It has a curse placed upon it.
Missiles
 e - 14 poisoned needles
 f - a curare-tipped needle
Magical devices
 j - a wand of confusion (3)
 m - a wand of random effects (11) {unknown}
 u - a wand of lightning (3)
 G - a wand of fireball (4) {unknown}
Comestibles
 g - 2 bread rations
 l - 3 meat rations
Scrolls
 h - 4 scrolls of remove curse
 n - 7 scrolls of teleportation
 p - 2 scrolls of fog
 q - a scroll of recharging
 v - a scroll of enchant armour
 A - a scroll of amnesia
 E - a scroll of immolation {!r}
 K - a scroll of magic mapping
 L - 5 scrolls of identify
 P - 2 scrolls of enchant weapon
Jewellery
 o - an amulet of resist mutation (around mantle)
 D - a +2 ring of strength (left tentacle)
Potions
 c - 3 potions of haste
 i - a potion of agility {unknown}
 r - 2 potions of mutation {unknown}
 s - 2 potions of degeneration {unknown}
 w - 3 potions of heal wounds {unknown}
 z - 2 potions of restore abilities {unknown}
 B - a potion of invisibility {unknown}
 H - a potion of flight {unknown}
 J - a potion of berserk rage {unknown}
 M - a potion of magic {unknown}
 N - a potion of porridge
 O - a potion of confusion {unknown}
 R - a potion of beneficial mutation {unknown}
Books
 d - a book of Enchantments
 t - a book of Changes
 x - a book of Burglary
 C - a book of Annihilations {highlevel, unknown}
 F - a book of Callings
 Q - a book of Air

Dungeon Overview and Level Annotations

Branches:
Dungeon (9/15)             Temple (1/1) D:5
    Orc: D:9-12        Lair: D:8-11

Altars:
Ashenzari
Cheibriados
Dithmenos
Elyvilon
Fedhas
Gozag
Kikubaaqudgha
Makhleb
Nemelex Xobeh
Okawaru
Qazlal
Ru
Sif Muna
Trog
Vehumet
Xom
Yredelemnul
Zin
The Shining One

Shops:
D:7 ? D:8

: .[% .........
#.........
#..........
#....z.....#
#[..(......#
#..?.......#
##.yyz....##
#..y@y.....###
#....y.......#
#...........#<#
#.......J...#z#
#.?..........#z##
.(#.........##..#
...#......#
##.#######
...#.....
#........ ...
########.


You could see a jelly, 5 killer bees and 2 wights.


Message History

Evoke which item? (* to show all) (? for menu, Esc to quit)
Okay, then.
Drink which item? (? for menu, Esc to quit)
You feel better. The killer bee misses you. The killer bee stings you.
* * * LOW HITPOINT WARNING * * *
The killer bee stings you.
* * * LOW HITPOINT WARNING * * *
The killer bee misses you. The killer bee barely misses you.
The wight closely misses you. The killer bee misses you.
The killer bee misses you. The killer bee closely misses you.
The killer bee closely misses you. The killer bee stings you!
* * * LOW HITPOINT WARNING * * *
You are poisoned.
The killer bee poisons you!
Unknown command.
Unknown command.
Unknown command.
Drink which item? (? for menu, Esc to quit)
You feel better.
The killer bee stings you but does no damage.
The killer bee stings you.
* * * LOW HITPOINT WARNING * * *
You are poisoned.
The killer bee poisons you! The killer bee barely misses you.
The killer bee stings you!
* * * LOW HITPOINT WARNING * * *
The killer bee barely misses you.
The wight hits you with a glowing flail!
You die...
Your body crumbles into a pile of gold.

Action                   |  1- 3 |  4- 6 |  7- 9 | 10-12 || total
-------------------------+-------+-------+-------+-------++-------
Melee: Dagger            |    73 |       |       |       ||    73
       Short sword       |       |   229 |   276 |    39 ||   544
 Fire: Blowgun           |     6 |     9 |    31 |    14 ||    60
 Cast: Call Imp          |       |       |     1 |     4 ||     5
Evoke: Wand              |       |     4 |    13 |    10 ||    27
  Use: Scroll            |       |     3 |    14 |     1 ||    18
       Potion            |       |       |     1 |     3 ||     4
 Stab: Sleeping          |     9 |    29 |    27 |     5 ||    70
       Distracted        |       |     1 |     2 |     1 ||     4
       Confused          |       |     1 |     5 |       ||     6
  Eat: Chunk             |     1 |    12 |     3 |       ||    16
       Royal jelly       |       |       |     1 |       ||     1
       Bread ration      |       |       |     3 |     1 ||     4
       Fruit             |       |       |     2 |       ||     2

Vault maps used:
D:1:      dpeg_arrival_ratfight
D:2:      serial_forest, infiniplex_forest_straight_2, infiniplex_forest_end_1,
          infiniplex_forest_straight_2, infiniplex_forest_clump_curved,
          infiniplex_forest_clump_curved, uniq_terence
D:3:      minmay_crystal_room
D:4:      uniq_sigmund
D:5:      minmay_temple_entry_purple_smoke, first_bread,
          kennysheep_cross_bottleneck, bloody_makhleb
D:6:      minitemple, minivault_27
D:7:      grunt_temple_overflow_holy_war, serial_glass, glass_columns_c,
          glass_columns_a, serial_shops, nicolae_shop_behind_doors
D:8:      grunt_temple_overflow_cloverleaf, grunt_dithmenos_smoke_and_mirrors,
          gup_ossuary_entry_pyramid, serial_shops, nicolae_shop_statue_plus,
          uniq_maurice, uniq_grum
D:9:      lemuel_crystal_altar, nicolae_overflow_hidden_temple
Temple:   temple_island_7
Ossuary:  ossuary_due_pyramid

Notes
Turn   | Place    | Note
--------------------------------------------------------------
     0 | D:1      | RobertPalmer, the Octopode Assassin, began the quest for the Orb.
     0 | D:1      | Reached XP level 1. HP: 14/14 MP: 1/1
   228 | D:1      | Reached skill level 6 in Stealth
   228 | D:1      | Reached XP level 2. HP: 19/19 MP: 2/2
   768 | D:1      | Reached XP level 3. HP: 18/24 MP: 3/3
  1279 | D:2      | Noticed Terence
  1282 | D:2      | Killed Terence
  1282 | D:2      | Reached skill level 7 in Stealth
  1587 | D:2      | Reached XP level 4. HP: 24/29 MP: 4/4
  2022 | D:2      | Reached skill level 8 in Stealth
  2467 | D:2      | Reached XP level 5. HP: 21/34 MP: 5/5
  3879 | D:4      | Reached skill level 9 in Stealth
  4190 | D:4      | Noticed Sigmund
  4200 | D:4      | Killed Sigmund
  4200 | D:4      | Reached skill level 10 in Stealth
  4200 | D:4      | Reached XP level 6. HP: 39/39 MP: 6/6
  4845 | D:4      | Reached skill level 3 in Short Blades
  5016 | D:5      | Entered Level 5 of the Dungeon
  5087 | D:5      | Reached XP level 7. HP: 17/45 MP: 7/7
  5438 | D:5      | Learned a level 2 spell: Swiftness
  5502 | D:5      | Reached skill level 4 in Short Blades
  6025 | D:5      | Found a staircase to the Ecumenical Temple.
  6042 | D:5      | Found a burning altar of Makhleb.
  6088 | Temple   | Entered the Ecumenical Temple
  6126 | Temple   | Became a worshipper of Gozag Ym Sagoz the Greedy
  6563 | D:5      | Reached skill level 5 in Short Blades
  6757 | D:6      | Reached skill level 6 in Short Blades
  6803 | D:6      | Reached XP level 8. HP: 40/50 MP: 8/8
  7200 | D:6      | Reached skill level 2 in Dodging
  7275 | D:6      | Found a sacrificial altar of Ru.
  7277 | D:6      | Found a white marble altar of Elyvilon.
  7280 | D:6      | Reached skill level 3 in Dodging
  7497 | D:6      | Reached skill level 4 in Dodging
  7577 | D:7      | Got a twitching silver ring
  7584 | D:7      | Identified the cursed ring of Honesty {SustAb Str+3 Dex-4} (You found it on level 7 of the Dungeon)
  7639 | D:7      | Reached skill level 5 in Dodging
  8211 | D:6      | Reached skill level 6 in Dodging
  8492 | D:7      | Got an iridescent spear
  8598 | D:7      | Found Ymanefun's Magic Scroll Boutique.
  8627 | D:7      | Bought a scroll of teleportation for 39 gold pieces
  8627 | D:7      | Bought a scroll of magic mapping for 45 gold pieces
  8627 | D:7      | Bought a scroll of fog for 26 gold pieces
  8663 | D:7      | Reached skill level 7 in Dodging
  8663 | D:7      | Reached XP level 9. HP: 54/54 MP: 9/9
  8774 | D:7      | Found a basalt altar of Yredelemnul.
  8775 | D:7      | Noticed a profane servitor
  8780 | D:7      | Found a glowing golden altar of the Shining One.
  8781 | D:7      | Noticed an angel
  8950 | D:8      | Learned a level 2 spell: Call Imp
  8955 | D:8      | Learned a level 4 spell: Summon Lightning Spire
  9155 | D:8      | Found a sand-covered staircase.
  9162 | Ossuary  | Entered an ossuary
  9512 | Ossuary  | Noticed Menkaure
  9540 | Ossuary  | Killed Menkaure
  9540 | Ossuary  | Reached skill level 8 in Dodging
 10251 | D:8      | Found a snail-covered altar of Cheibriados.
 10264 | D:8      | Found a glowing silver altar of Zin.
 10267 | D:8      | Found a sparkling altar of Nemelex Xobeh.
 10283 | D:8      | Found a bloodstained altar of Trog.
 10318 | D:8      | Reached skill level 9 in Dodging
 10676 | D:8      | Noticed Maurice
 10833 | D:8      | Killed Maurice
 10882 | D:8      | Reached skill level 10 in Dodging
 10901 | D:8      | Found a shadowy altar of Dithmenos.
 10965 | D:8      | Noticed Grum
 10985 | D:8      | Killed Grum
 10992 | D:8      | Reached XP level 10. HP: 20/60 MP: 10/10
 11402 | D:8      | Reached skill level 1 in Summonings
 11442 | D:7      | Reached skill level 2 in Summonings
 11986 | D:8      | Reached skill level 3 in Summonings
 12045 | D:8      | Found Pyommywka's Book Shop.
 12070 | D:8      | Bought a book of Air for 525 gold pieces
 12135 | D:9      | Found a blossoming altar of Fedhas.
 12245 | D:9      | Found an ancient bone altar of Kikubaaqudgha.
 12247 | D:9      | Found a burning altar of Makhleb.
 12356 | D:9      | Slain by a wight

Vanquished Creatures
  Maurice (D:8)
  A hungry ghost (D:8)
  Grum (D:8)
  A hippogriff (D:9)
  Menkaure (Ossuary)
  2 wolves (D:8)
  2 orc warriors
  A sky beast (D:7)
  An ice beast (D:8)
  A water moccasin (D:8)
  A necrophage (D:7)
  An ogre (D:8)
  5 centaurs
  A yellow wasp (D:8)
  Sigmund (D:4)
  3 giant frogs
  3 killer bees
  A scorpion (D:7)
  A wight (D:9)
  2 quasits
  2 crimson imps
  3 hounds
  6 orc priests
  4 orc wizards
  A giant frog skeleton (D:7)
  9 worker ants
  An iguana (D:5)
  An ogre zombie (D:5)
  2 ogre skeletons
  Terence (D:2)
  4 mummies
  9 adders
  5 giant mites
  4 gnolls (D:6)
  A shadow imp (D:8)
  3 orc skeletons
  3 worms
  2 iguana zombies
  An adder skeleton (D:4)
  4 giant geckos
  2 oozes
  23 orcs
  A bat zombie (D:5)
  4 giant cockroaches
  3 gnoll zombies (Ossuary)
  10 goblins
  12 hobgoblins
  9 jackals
  14 kobolds
  3 ball pythons
  18 bats
  A giant gecko skeleton (D:8)
  3 giant newts (D:1)
  A giant newt zombie (D:5)
  4 gnoll skeletons (Ossuary)
  A goblin skeleton (Ossuary)
  3 goblin zombies (Ossuary)
  3 hobgoblin skeletons (Ossuary)
  A hobgoblin zombie (Ossuary)
  A jackal zombie (D:7)
  4 kobold skeletons
  A kobold zombie (Ossuary)
  2 orc zombies (Ossuary)
  7 quokkas
  A quokka zombie (D:5)
  16 rats
  6 rat skeletons
  A rat zombie (Ossuary)
  A bush (D:2)
253 creatures vanquished.

Vanquished Creatures (others)
  A centaur (D:8)
  An orc wizard (D:8)
  A shadow imp (D:8)
  2 gnoll skeletons (Ossuary)
  2 gnoll zombies (Ossuary)
  3 goblin skeletons (Ossuary)
  2 hobgoblin zombies (Ossuary)
  A kobold skeleton (Ossuary)
  2 kobold zombies (Ossuary)
  An orc skeleton (Ossuary)
  3 orc zombies (Ossuary)
  5 rat zombies (Ossuary)
24 creatures vanquished.

Grand Total: 277 creatures vanquished
